 Dungeon Crawl Stone Soup version 0.27.1-4-g1640c2035a (webtiles) character file.

Game seed: 14818920220931037451

6815 ders the Fighter (level 11, -2/76 HPs)
             Began as a Gargoyle Fighter on Nov 2, 2021.
             Was an Initiate of Yredelemnul.
             Slain by a shadow (7 damage)
             ... on level 10 of the Dungeon.
             The game lasted 00:21:43 (11053 turns).

ders the Fighter (Gargoyle Fighter)                Turns: 11053, Time: 00:21:43

Health: -2/76      AC: 17    Str: 28    XL:     11   Next: 5%
Magic:  11/11      EV: 12    Int:  8    God:    Yredelemnul [......]
Gold:   443        SH: 10    Dex:  9    Spells: 10/10 levels left

rFire    . . .     SeeInvis .   D - +3 spear "Reeneff" {vorpal, rC+ Str+4}
rCold    + . .     Faith    .   c - +0 kite shield
rNeg     + . .     Spirit   .   b - +0 scale mail
rPois    ∞         Reflect  .   (helmet restricted)
rElec    +         Harm     .   (no cloak)
rCorr    .         Rampage  .   q - +0 pair of gloves
Will     .....                  u - +0 pair of boots
Stlth    ..........             l - amulet of the acrobat
HPRegen  0.22/turn              j - +4 ring of evasion
MPRegen  0.12/turn              (no ring)

@: no status effects
A: sickness immunity, AC +8, negative energy resistance 1, electricity
resistance, torment resistance 1, petrification resistance, horns 1
a: Renounce Religion


You were on level 10 of the Dungeon.
You worshipped Yredelemnul.
Yredelemnul was noncommittal.
You visited 2 branches of the dungeon, and saw 11 of its levels.
You also visited: Sewer and Ossuary.

You collected 583 gold pieces.
You spent 140 gold pieces at shops.

Inventory:

Hand Weapons
 a - a +1 flail
 D - the +3 spear "Reeneff" (weapon) {vorpal, rC+ Str+4}
   (You found it on level 5 of the Dungeon)

   It inflicts extra damage upon your enemies.
   Str:       It affects your strength (+4).
   rC:        It protects you from cold.
Missiles
 x - 2 throwing nets (quivered)
Armour
 b - a +0 scale mail (worn)
 c - a +0 kite shield (worn)
 q - a +0 pair of gloves (worn)
 u - a +0 pair of boots (worn)
 I - the +1 ring mail of Vanity {rPois Will++ Int+4 Dex-5}
   (You found it on level 6 of the Dungeon)

   Int:       It affects your intelligence (+4).
   Dex:       It affects your dexterity (-5).
   rPois:     It protects you from poison.
   Will:      It greatly increases your willpower.
Jewellery
 j - a +4 ring of evasion (left hand)
 l - an amulet of the acrobat (around neck)
 w - an amulet of regeneration
 A - a ring of positive energy
 H - a +6 ring of strength
Wands
 d - a wand of digging (4)
 i - a wand of paralysis (8)
 B - a wand of iceblast (14)
Scrolls
 e - a scroll of enchant weapon
 h - 6 scrolls of identify
 k - 2 scrolls of brand weapon {unknown}
 p - a scroll of magic mapping
 r - 2 scrolls of noise
 v - 4 scrolls of teleportation {unknown}
 y - 3 scrolls of enchant armour {unknown}
 C - a scroll of summoning {unknown}
 E - a scroll of torment {unknown}
 F - a scroll of fog {unknown}
 G - 2 scrolls of fear
Potions
 f - 4 potions of attraction
 g - 7 potions of curing
 m - 6 potions of haste {unknown}
 n - 3 potions of resistance
 o - 4 potions of mutation
 s - a potion of berserk rage {unknown}
 t - a potion of brilliance {unknown}
 z - a potion of flight {unknown}


   Skills:
 * Level 12.4 Fighting
 - Level 6.4 Maces & Flails
 * Level 8.8 Polearms
 - Level 4.3 Armour
 - Level 0.7 Dodging
 - Level 0.3 Stealth
 - Level 4.6 Shields


You had 10 spell levels left.
You didn't know any spells.
Your spell library contained the following spells:

 Spells                   Type           Power      Damage    Failure   Level
 Summon Small Mammal      Summ           0%         N/A       98%         1
 Passwall                 Tmut/Erth      0%         N/A       99%         2
 Static Discharge         Conj/Air       0%         N/A       99%         2
 Call Canine Familiar     Summ           0%         N/A       100%        3
 Frozen Ramparts          Ice            0%         1d2       100%        3
 Summon Guardian Golem    Hex/Summ       0%         N/A       100%        3
 Swiftness                Air            0%         N/A       100%        3
 Ice Form                 Ice/Tmut       0%         N/A       100%        4
 Summon Ice Beast         Ice/Summ       0%         N/A       100%        4
 Lightning Bolt           Conj/Air       0%         1d11      100%        5
 Invisibility             Hex            0%         N/A       100%        6
 Orb of Destruction       Conj           0%         N/A       100%        7
 Spellforged Servitor     Conj/Summ      0%         N/A       100%        7
 Maxwell's Capacitive Co  Air            0%         ∞         100%        8


Dungeon Overview and Level Annotations

Branches:
Dungeon (10/15)            Temple (1/1) D:7            Lair (0/6) D:10
  Sewer (visited)         Ossuary (visited)
    Orc: D:9-12

Altars:
Ashenzari
Cheibriados
Dithmenos
Elyvilon
Fedhas
Gozag
Hepliaklqana
Kikubaaqudgha
Makhleb
Nemelex Xobeh
Okawaru
Qazlal
Ru
Trog
Uskayaw
Vehumet
Wu Jian
Xom
Yredelemnul
Zin
The Shining One

Shops:
D:3 [   D:4 !   D:6 !   D:7 !


Innate Abilities, Weirdness & Mutations

You are immune to sickness and miasma.
Your stone body is resilient. (AC +8)
You are immune to poison.
You resist negative energy. (rN+)
You are resistant to electric shocks. (rElec)
You are resistant to unholy torment.
You are immune to petrification.
You have a pair of small horns on your head.


Message History

No target in view!
No target in view!
You miss something. You hit something. Your headbutt misses something.
The shadow strikes at you from the darkness!
Reactivating autopickup.
You hit the shadow but do no damage. You headbutt the shadow.
The shadow is moderately damaged.
The shadow hits you.
You closely miss the shadow. Your headbutt misses the shadow.
The shadow is moderately damaged.
The shadow hits you.
You completely miss the shadow. Your headbutt misses the shadow.
The shadow is moderately damaged.
The shadow slips into darkness.
The shadow flickers and vanishes!
Deactivating autopickup; reactivate with Ctrl-A.
You puncture something!
The shadow strikes at you from the darkness!
* * * LOW HITPOINT WARNING * * *
Reactivating autopickup.
You hit the shadow but do no damage.
The shadow is heavily damaged.
The shadow hits you!
* * * LOW HITPOINT WARNING * * *
You hit the shadow.
You headbutt the shadow, but do no damage.
The shadow is severely damaged.
The shadow hits you.
* * * LOW HITPOINT WARNING * * *
You closely miss the shadow.
The shadow is severely damaged.
You block the shadow's attack.
You hit the shadow. Your headbutt misses the shadow.
The shadow is almost destroyed.
You hit the shadow but do no damage.
The shadow is almost destroyed.
The shadow hits you!
You die...
Your body rises from the dead as a mindless zombie.

.........# ###.........## #.....
.........# ##.........#..###.....
.........###..#.......##.........
....>....'...##.......######.....
.........######>......# #...P.
.........# ####.#### #...P.
######+### ##..# ###..P #..##
#P.. #@## #..P #W# #P.P ... #...
#.... .... #..... ..#.. #......
####PP #....... +........


You could see a shadow.

Vanquished Creatures
  Joseph (D:7)
  A gargoyle (D:6)
  An unseen horror (D:9)
  Psyche (D:9)
  A hornet (D:9)
  A wraith (D:10)
  Sigmund (D:2)
  A wyvern (D:7)
  7 yaks
  3 water moccasins (D:10)
  4 black bears
  A hornet zombie (D:8)
  2 necrophages
  2 ogres
  4 centaurs
  3 kobold brigands
  5 bullfrogs
  A gnoll sergeant (D:9)
  2 scorpions
  A water moccasin zombie (D:7)
  9 killer bees
  2 howler monkeys
  5 centaur zombies
  2 jellies
  2 bullfrog zombies (D:6)
  2 hounds
  3 orc priests
  A gnoll shaman (D:5)
  2 iguanas
  3 iron imps (D:3)
  A centaur skeleton (D:7)
  Ijyb (D:5)
  2 orc wizards
  2 killer bee zombies
  2 hound zombies (D:5)
  3 mummies (Ossuary)
  11 gnolls
  5 adders
  A white imp (D:6)
  2 ufetubi
  3 adder zombies
  2 worms
  A dart slug (D:4)
  14 orcs
  3 endoplasms
  9 giant cockroaches
  2 gnoll zombies (Ossuary)
  10 goblins
  7 hobgoblins
  2 quokkas (Sewer)
  6 ball pythons
  3 bats
  9 frilled lizards
  4 goblin zombies (Ossuary)
  3 hobgoblin zombies (Ossuary)
  18 kobolds
  A kobold zombie (Ossuary)
  2 quokka zombies (Ossuary)
  A rat (D:1)
  4 rat zombies (Ossuary)
  A spectral goblin (D:1)
209 creatures vanquished.

Vanquished Creatures (others)
  39 fungi (D:10)
  37 plants (D:10)
76 creatures vanquished.

Grand Total: 285 creatures vanquished

Notes
Turn   | Place    | Note
-------+----------+-------------------------------------------
     0 | D:1      | ders the Gargoyle Fighter began the quest for the Orb.
     0 | D:1      | Reached XP level 1. HP: 14/14 MP: 1/1
   115 | D:1      | Reached XP level 2. HP: 17/19 MP: 2/2
   175 | D:1      | Found a faded altar of an unknown god.
   908 | D:2      | Reached XP level 3. HP: 23/23 MP: 3/3
  1040 | D:2      | Noticed Sigmund
  1055 | D:2      | Killed Sigmund
  1056 | D:2      | Reached XP level 4. HP: 15/29 MP: 4/4
  1056 | D:2      | Reached XP level 5. HP: 17/33 MP: 5/5
  1211 | D:2      | Reached skill level 4 in Fighting
  1745 | D:2      | Reached XP level 6. HP: 24/38 MP: 6/6
  1954 | D:3      | Found a glowing drain.
  1976 | Sewer    | Entered a sewer
  2275 | Sewer    | Reached skill level 5 in Fighting
  2397 | D:3      | Reached XP level 7. HP: 44/44 MP: 7/7
  2532 | D:3      | Found a burning altar of Makhleb.
  2826 | D:3      | Found Omokkekh's Antique Armour Boutique.
  3124 | D:4      | Reached skill level 5 in Maces & Flails
  3191 | D:4      | Reached skill level 6 in Fighting
  3229 | D:4      | Found Nixzoto's Distillery.
  3468 | D:5      | Entered Level 5 of the Dungeon
  3712 | D:5      | Noticed Ijyb
  3717 | D:5      | Paralysed by Ijyb for 2 turns
  3729 | D:5      | Killed Ijyb
  3873 | D:5      | Reached XP level 8. HP: 37/52 MP: 8/8
  4122 | D:5      | Found an ancient bone altar of Kikubaaqudgha.
  4122 | D:5      | Found a stormy altar of Qazlal.
  4123 | D:5      | Found a sparkling altar of Nemelex Xobeh.
  4294 | D:5      | Reached skill level 7 in Fighting
  4405 | D:5      | Identified the +3 spear "Reeneff" {vorpal, rC+ Str+4}
  4991 | D:6      | Noticed a gargoyle
  4994 | D:6      | Gained mutation: You have a pair of small horns on your
                  | head. [potion of mutation]
  5109 | D:6      | Reached skill level 1 in Polearms
  5143 | D:6      | Found Rutzonel's Distillery.
  5146 | D:6      | Bought a potion of heal wounds for 70 gold pieces
  5146 | D:6      | Bought a potion of heal wounds for 70 gold pieces
  5625 | D:6      | Reached skill level 8 in Fighting
  5750 | D:7      | Noticed Joseph
  5753 | D:7      | Found a staircase to the Ecumenical Temple.
  5774 | D:7      | Killed Joseph
  5775 | D:7      | Reached XP level 9. HP: 33/60 MP: 9/9
  5911 | Temple   | Entered the Ecumenical Temple
  6146 | D:7      | Found a sand-covered staircase.
  6156 | Ossuary  | Entered an ossuary
  6403 | D:7      | Reached skill level 9 in Fighting
  7028 | D:7      | Reached skill level 5 in Polearms
  7220 | D:7      | Found Tirghue's Distillery.
  7757 | D:8      | Reached skill level 10 in Fighting
  7969 | D:8      | Reached XP level 10. HP: 67/68 MP: 10/10
  8328 | D:6      | Identified the +1 ring mail of Vanity {rPois Will++ Int+4
                  | Dex-5}
  8357 | D:6      | Found an ornate altar of the Wu Jian Council.
  8562 | D:6      | Killed a gargoyle
  9366 | D:9      | Reached skill level 11 in Fighting
  9418 | D:9      | Found a glowing silver altar of Zin.
  9430 | D:9      | Noticed Psyche
  9438 | D:9      | Killed Psyche
  9773 | D:9      | Found a hazy altar of Hepliaklqana.
  9896 | D:9      | Killed an unseen horror
 10057 | D:10     | Entered Level 10 of the Dungeon
 10302 | D:9      | Reached skill level 12 in Fighting
 10719 | D:10     | Reached XP level 11. HP: 76/76 MP: 11/11
 10831 | D:10     | Found a staircase to the Lair.
 10956 | D:10     | Found a blossoming altar of Fedhas.
 10956 | D:10     | Found a basalt altar of Yredelemnul.
 10964 | D:10     | Found a hide-covered altar of Uskayaw.
 10967 | D:10     | Became a worshipper of Yredelemnul the Dark
 10971 | D:10     | Found a faded altar of an unknown god.
 10973 | D:10     | Found a shadowy altar of Dithmenos.
 11053 | D:10     | Slain by a shadow

Illustrated notes

Levels and vault maps discovered:
D:1:      minmay_arrival_nine_rooms, layout_loops_ring,
          dreamdust_ecumenical_altar_drowned_temple
D:2:      layout_loops_cross, grunt_ministairs_1, uniq_sigmund
D:3:      layout_basic, demons_altar, cheibrodos_sewer_entry_bend, serial_shops,
          shop
D:4:      layout_basic, serial_shops, nicolae_shop_statue_plus
D:5:      layout_loops_corners, gammafunk_temple_overflow_claw,
          kennysheep_generic_room_7, uniq_ijyb
D:6:      layout_basic, nzn_wu_jian_council_hall, serial_shops, kennysheep_mini
D:7:      layout_basic, minmay_temple_entry_glass, nicolae_ossuary_entry_ruins,
          serial_shops, shop_coins, hangedman_abyss_or_decor_lesser_grid,
          uniq_joseph
D:8:      layout_loops_ring
D:9:      layout_roguey, marbit_many_paths, kennysheep_little_box, uniq_psyche
D:10:     layout_roguey, lemuel_doored_altar,
          chequers_temple_overflow_minitemple, due_lair_maze_entry_diamond
Temple:   dpeg_chambers_temple

Skill      XL: |  1  2  3  4  5  6  7  8  9 10 |
---------------+-------------------------------+-----
Shields        | 4 |  4.6
Maces & Flails | 3 4 5 6 |  6.4
Armour         | 4 |  4.3
Fighting       | 4 5 6 8 10 12 | 12.4
Polearms       | 3 6 8 |  8.8
Dodging        | |  0.7
Stealth        | |  0.3

Action                   |  1- 3 |  4- 6 |  7- 9 | 10-12 || total
-------------------------+-------+-------+-------+-------++-------
Melee: Flail             |    96 |   163 |   165 |       ||   424
       Spear             |       |       |   273 |   247 ||   520
       Headbutt          |       |       |    51 |    70 ||   121
  Use: Potion            |     1 |       |     4 |     4 ||     9
       Scroll            |       |       |     9 |       ||     9
Armor: Scale mail        |    59 |    69 |   153 |   107 ||   388
Dodge: Dodged            |    23 |    82 |   249 |   132 ||   486
Block: Kite shield       |    54 |    99 |   245 |   155 ||   553
